| TOP OF THE 1ST |
|
Colorado Springs Sky Sox batting - Pitching for New Orleans Zephyrs : RHP John Dinsmore
|
|
Pitching: RHP John Dinsmore
|
|
|
Batting: LHB Steve Gilliam
|
0-0: Ball 1-0: TRIPLE (Flyball, 9LD, EV 113.8 MPH)
|
|
Batting: RHB Juan Figueroa
|
0-0: Fly out, F9 (Flyball, 89S, EV 83.1 MPH)
|
|
Batting: LHB Kyle Schaible
|
0-0: Foul Ball, location: 2F 0-1: Ball 1-1: Called Strike 1-2: Foul Ball, location: 2F 1-2: Ground out U3 (Groundball, 34, EV 90.6 MPH) Steve Gilliam scores
|
|
Batting: LHB Michael Krott
|
0-0: Swinging Strike 0-1: Swinging Strike 0-2: Ball 1-2: Strikes out swinging
|
| Top of the 1st over - 1 run, 1 hit, 0 errors, 0 left on base; Colorado Springs 1 - New Orleans 0 |
| BOTTOM OF THE 1ST |
|
New Orleans Zephyrs batting - Pitching for Colorado Springs Sky Sox : RHP Andrew Ferrell
|
|
Pitching: RHP Andrew Ferrell
|
|
|
Batting: LHB David Doge
|
0-0: Foul Ball, location: 2F 0-1: Foul Ball, location: 2F 0-2: Ball 1-2: Ground out U3 (Groundball, 3D, EV 80.6 MPH)
|
|
Batting: RHB Rafael Irizarry
|
0-0: Swinging Strike 0-1: Swinging Strike 0-2: Ball 1-2: Ball 2-2: Ball 3-2: Foul Ball, location: 2F 3-2: Foul Ball, location: 2F 3-2: Strikes out swinging
|
|
Batting: RHB Manuel Taveras
|
0-0: Called Strike 0-1: Swinging Strike 0-2: Strikes out looking
|
| Bottom of the 1st over - 0 runs, 0 hits, 0 errors, 0 left on base; Colorado Springs 1 - New Orleans 0 |
| TOP OF THE 2ND |
|
Colorado Springs Sky Sox batting - Pitching for New Orleans Zephyrs : RHP John Dinsmore
|
|
Batting: RHB Ryan Rinaldi
|
0-0: Called Strike 0-1: Ground out 4-3 (Groundball, 4, EV 86.2 MPH)
|
|
Batting: LHB Iehohs Inatho
|
0-0: Ball 1-0: Swinging Strike 1-1: Foul Ball, location: 2F 1-2: Strikes out swinging
|
|
Batting: RHB Eric Delgado
|
0-0: Ball 1-0: Foul Ball, location: 2F 1-1: Foul Ball, location: 2F 1-2: Foul Ball, location: 2F 1-2: Strikes out swinging
|
| Top of the 2nd over - 0 runs, 0 hits, 0 errors, 0 left on base; Colorado Springs 1 - New Orleans 0 |
| BOTTOM OF THE 2ND |
|
New Orleans Zephyrs batting - Pitching for Colorado Springs Sky Sox : RHP Andrew Ferrell
|
|
Batting: RHB Adam McGurn
|
0-0: Foul Ball, location: 2F 0-1: Hit by Pitch
|
|
Batting: LHB Eric Bailey
|
0-0: Called Strike 0-1: Ball 1-1: Foul Ball, location: 2F 1-2: Foul Ball, location: 2F 1-2: Strikes out swinging
|
|
Batting: RHB Isaiah Brockman
|
0-0: Ball 1-0: Called Strike 1-1: Called Strike 1-2: Ball 2-2: SINGLE (Groundball, 6MD, EV 98.8 MPH) Adam McGurn to second
|
|
Batting: RHB Boof Howell
|
0-0: Called Strike 0-1: Swinging Strike 0-2: Foul Ball, location: 2F 0-2: Ball 1-2: Ball 2-2: Ball 3-2: Grounds into double play, 3-6-3 (Groundball, 34, EV 111.2 MPH)
|
| Bottom of the 2nd over - 0 runs, 1 hit, 0 errors, 1 left on base; Colorado Springs 1 - New Orleans 0 |
| TOP OF THE 3RD |
|
Colorado Springs Sky Sox batting - Pitching for New Orleans Zephyrs : RHP John Dinsmore
|
|
Batting: RHB Matviy Oliynyk
|
0-0: Bunt missed! 0-1: Called Strike 0-2: Fly out, F9 (Flyball, 9LSF, EV 93.8 MPH)
|
|
Batting: RHB Zakhar Edelman
|
0-0: Ball 1-0: Called Strike 1-1: Fly out, F7 (Flyball, 7, EV 93.1 MPH)
|
|
Batting: LHB Steve Gilliam
|
0-0: Called Strike 0-1: Swinging Strike 0-2: Ball 1-2: Ball 2-2: Hit by Pitch
|
|
Batting: RHB Juan Figueroa
|
0-0: Foul Ball, location: 2F 0-1: Ball 1-1: Foul Ball, location: 2F 1-2: Ball 2-2: DOUBLE (Groundball, 5L, EV 103.1 MPH) Steve Gilliam to third
|
|
Batting: LHB Kyle Schaible
|
0-0: Ball 1-0: Ball 2-0: Called Strike 2-1: Swinging Strike 2-2: Ball 3-2: Foul Ball, location: 2F 3-2: Foul Ball, location: 2F 3-2: Base on Balls
|
|
Batting: LHB Michael Krott
|
0-0: Ground out 1-3 (Groundball, 25, EV 68.8 MPH)
|
| Top of the 3rd over - 0 runs, 1 hit, 0 errors, 3 left on base; Colorado Springs 1 - New Orleans 0 |
| BOTTOM OF THE 3RD |
|
New Orleans Zephyrs batting - Pitching for Colorado Springs Sky Sox : RHP Andrew Ferrell
|
|
Batting: SHB Greg Rivera
|
0-0: Ball 1-0: Fly out, F8 (Flyball, 8RM, EV 85.6 MPH)
|
|
Batting: RHB Masumitsu Sugiura
|
0-0: Ball 1-0: SINGLE (Groundball, 25, EV 73.1 MPH) (infield hit)
|
|
Batting: LHB David Doge
|
0-0: Foul Ball, location: 2F 0-1: Ball 1-1: Ball 2-1: Foul Ball, location: 2F 2-2: SINGLE (Groundball, 6M, EV 87.5 MPH) (infield hit) Masumitsu Sugiura to second
|
|
Batting: RHB Rafael Irizarry
|
0-0: Ball 1-0: Called Strike 1-1: Fly out, F7 (Flyball, 78S, EV 81.9 MPH)
|
|
Batting: RHB Manuel Taveras
|
0-0: Called Strike 0-1: Swinging Strike 0-2: Ball 1-2: Strikes out swinging
|
| Bottom of the 3rd over - 0 runs, 2 hits, 0 errors, 2 left on base; Colorado Springs 1 - New Orleans 0 |
| TOP OF THE 4TH |
|
Colorado Springs Sky Sox batting - Pitching for New Orleans Zephyrs : RHP John Dinsmore
|
|
Batting: RHB Ryan Rinaldi
|
0-0: Foul Ball, location: 2F 0-1: Ball 1-1: Foul Ball, location: 2F 1-2: Ball 2-2: Foul Ball, location: 2F 2-2: Strikes out looking
|
|
Batting: LHB Iehohs Inatho
|
0-0: Ball 1-0: Foul Ball, location: 2F 1-1: Foul Ball, location: 2F 1-2: Strikes out swinging
|
|
Batting: RHB Eric Delgado
|
0-0: Called Strike 0-1: Ground out 5-3 (Groundball, 56, EV 89.4 MPH)
|
| Top of the 4th over - 0 runs, 0 hits, 0 errors, 0 left on base; Colorado Springs 1 - New Orleans 0 |
| BOTTOM OF THE 4TH |
|
New Orleans Zephyrs batting - Pitching for Colorado Springs Sky Sox : RHP Andrew Ferrell
|
|
Batting: RHB Adam McGurn
|
0-0: Ball 1-0: Ball 2-0: Foul Ball, location: 2F 2-1: Foul Ball, location: 2F 2-2: Ground out 5-3 (Groundball, 5, EV 92.5 MPH)
|
|
Batting: LHB Eric Bailey
|
0-0: Ball 1-0: Ball 2-0: Ball 3-0: Called Strike 3-1: Foul Ball, location: 2F 3-2: Base on Balls
|
|
Batting: RHB Isaiah Brockman
|
0-0: Ball 1-0: Ball Wild Pitch! Eric Bailey to second 2-0: Called Strike 2-1: SINGLE (Flyball, 56D, EV 87.5 MPH) Eric Bailey to third
|
|
Batting: RHB Boof Howell
|
0-0: Called Strike 0-1: Grounds into double play, 4-6-3 (Groundball, 4S, EV 85.0 MPH)
|
| Bottom of the 4th over - 0 runs, 1 hit, 0 errors, 1 left on base; Colorado Springs 1 - New Orleans 0 |
| TOP OF THE 5TH |
|
Colorado Springs Sky Sox batting - Pitching for New Orleans Zephyrs : RHP John Dinsmore
|
|
Batting: RHB Matviy Oliynyk
|
0-0: Foul Ball, location: 2F 0-1: Ball 1-1: Foul Ball, location: 2F 1-2: SINGLE (Flyball, 34D, EV 91.2 MPH)
|
|
Batting: RHB Zakhar Edelman
|
0-0: Called Strike 0-1: Ball 1-1: Ball 2-1: Foul Ball, location: 2F 2-2: Ball 3-2: Strikes out swinging
|
|
Batting: LHB Steve Gilliam
|
0-0: Fly out, F4 (Flyball, 34D, EV 86.2 MPH)
|
|
Batting: RHB Juan Figueroa
|
0-0: Ground out 4-3 (Groundball, 4, EV 90.0 MPH)
|
| Top of the 5th over - 0 runs, 1 hit, 0 errors, 1 left on base; Colorado Springs 1 - New Orleans 0 |
| BOTTOM OF THE 5TH |
|
New Orleans Zephyrs batting - Pitching for Colorado Springs Sky Sox : RHP Andrew Ferrell
|
|
Batting: SHB Greg Rivera
|
0-0: Ground out 5-3 (Groundball, 56S, EV 91.2 MPH)
|
|
Batting: RHB Masumitsu Sugiura
|
0-0: Called Strike 0-1: Called Strike 0-2: Foul Ball, location: 2F 0-2: Fly out, F9 (Flyball, 9, EV 87.5 MPH)
|
|
Batting: LHB David Doge
|
0-0: Called Strike 0-1: Ball 1-1: Ground out U3 (Groundball, 3, EV 86.2 MPH)
|
| Bottom of the 5th over - 0 runs, 0 hits, 0 errors, 0 left on base; Colorado Springs 1 - New Orleans 0 |
| TOP OF THE 6TH |
|
Colorado Springs Sky Sox batting - Pitching for New Orleans Zephyrs : RHP John Dinsmore
|
|
Batting: LHB Kyle Schaible
|
0-0: Ball 1-0: Foul Ball, location: 2F 1-1: SINGLE (Line Drive, 8RS, EV 108.1 MPH)
|
|
Batting: LHB Michael Krott
|
0-0: Foul Ball, location: 2F 0-1: Called Strike 0-2: SINGLE (Line Drive, 89M, EV 94.4 MPH) Kyle Schaible to second
|
|
Batting: RHB Ryan Rinaldi
|
0-0: Called Strike 0-1: Ball 1-1: Ball 2-1: Foul Ball, location: 2F 2-2: Grounds into double play, 1-6-3 (Groundball, 13, EV 65.0 MPH) Kyle Schaible to third
|
|
Batting: LHB Iehohs Inatho
|
0-0: Swinging Strike 0-1: DOUBLE (Line Drive, 3D, EV 108.8 MPH) Kyle Schaible scores
|
|
Batting: RHB Eric Delgado
|
0-0: Called Strike 0-1: Foul Ball, location: 2F 0-2: Ball 1-2: Foul Ball, location: 2F 1-2: Ball 2-2: Ball 3-2: Ground out U3 (Groundball, 34S, EV 91.2 MPH)
|
| Top of the 6th over - 1 run, 3 hits, 0 errors, 1 left on base; Colorado Springs 2 - New Orleans 0 |
| BOTTOM OF THE 6TH |
|
New Orleans Zephyrs batting - Pitching for Colorado Springs Sky Sox : RHP Andrew Ferrell
|
|
Batting: RHB Rafael Irizarry
|
0-0: Ball 1-0: Fly out, F5 (Popup, 5SF, EV 73.1 MPH)
|
|
Batting: RHB Manuel Taveras
|
0-0: Swinging Strike 0-1: Called Strike 0-2: Foul Ball, location: 2F 0-2: Ball 1-2: Foul Ball, location: 2F 1-2: Ball 2-2: Strikes out looking
|
|
Batting: RHB Adam McGurn
|
0-0: Swinging Strike 0-1: Foul Ball, location: 2F 0-2: Ball 1-2: SINGLE (Groundball, 6MD, EV 76.9 MPH) (infield hit)
|
|
Pitching: RHP Vas Karamyshev
|
|
|
Batting: LHB Eric Bailey
|
Pickoff Throw to First - Out! 1-3 CS
|
| Bottom of the 6th over - 0 runs, 1 hit, 0 errors, 0 left on base; Colorado Springs 2 - New Orleans 0 |
| TOP OF THE 7TH |
|
Colorado Springs Sky Sox batting - Pitching for New Orleans Zephyrs : RHP John Dinsmore
|
|
Pitching: LHP Hideo Komatsu
|
|
|
Batting: RHB Matviy Oliynyk
|
0-0: Ball 1-0: Foul Ball, location: 2F 1-1: Ball 2-1: Foul Ball, location: 2F 2-2: SINGLE (Line Drive, 5D, EV 93.8 MPH)
|
|
Batting: RHB Zakhar Edelman
|
0-0: Called Strike 0-1: Fly out, F7 (Flyball, 7, EV 86.2 MPH)
|
|
Batting: LHB Steve Gilliam
|
0-0: Ball 1-0: Ball 2-0: Ground out 5-3 (Groundball, 56S, EV 73.1 MPH) Matviy Oliynyk to second
|
|
Batting: RHB Juan Figueroa
|
0-0: Foul Ball, location: 2F 0-1: Foul Ball, location: 2F 0-2: Ball 1-2: Ground out 6-3 (Groundball, 6, EV 84.4 MPH)
|
| Top of the 7th over - 0 runs, 1 hit, 0 errors, 1 left on base; Colorado Springs 2 - New Orleans 0 |
| BOTTOM OF THE 7TH |
|
New Orleans Zephyrs batting - Pitching for Colorado Springs Sky Sox : RHP Vas Karamyshev
|
|
Batting: LHB Eric Bailey
|
0-0: Ball 1-0: Foul Ball, location: 2F 1-1: Called Strike 1-2: Ball 2-2: Strikes out looking
|
|
Batting: RHB Isaiah Brockman
|
0-0: Called Strike 0-1: Ball 1-1: Ball 2-1: Swinging Strike 2-2: Ball 3-2: Strikes out swinging
|
|
Batting: RHB Boof Howell
|
0-0: Fly out, F8 (Flyball, 8RD, EV 85.0 MPH)
|
| Bottom of the 7th over - 0 runs, 0 hits, 0 errors, 0 left on base; Colorado Springs 2 - New Orleans 0 |
| TOP OF THE 8TH |
|
Colorado Springs Sky Sox batting - Pitching for New Orleans Zephyrs : LHP Hideo Komatsu
|
|
Pitching: RHP Chris Forster
|
|
|
Batting: LHB Kyle Schaible
|
0-0: Called Strike 0-1: SINGLE (Groundball, 4MD, EV 102.5 MPH)
|
|
Batting: LHB Michael Krott
|
0-0: Swinging Strike 0-1: Swinging Strike 0-2: Strikes out swinging
|
|
Batting: RHB Ryan Rinaldi
|
0-0: Ball 1-0: Ball 2-0: Fly out, F3 (Popup, 3SF, EV 65.6 MPH)
|
|
Batting: LHB Iehohs Inatho
|
0-0: Ball 1-0: Foul Ball, location: 2F 1-1: Ball 2-1: Ground out 4-3 (Groundball, 34D, EV 84.4 MPH)
|
| Top of the 8th over - 0 runs, 1 hit, 0 errors, 1 left on base; Colorado Springs 2 - New Orleans 0 |
| BOTTOM OF THE 8TH |
|
New Orleans Zephyrs batting - Pitching for Colorado Springs Sky Sox : RHP Vas Karamyshev
|
|
Pitching: RHP Mike Clark
|
|
|
Batting: SHB Greg Rivera
|
0-0: Ground out U3 (Groundball, 3, EV 89.4 MPH)
|
|
Pinch Hitting: SHB Ramon Martinez
|
0-0: Ball 1-0: Ball 2-0: Called Strike 2-1: Called Strike 2-2: Ball 3-2: Foul Ball, location: 2F 3-2: Foul Ball, location: 2F 3-2: Strikes out swinging
|
|
Batting: LHB David Doge
|
0-0: Ball 1-0: Called Strike 1-1: Ball 2-1: SINGLE (Line Drive, 6M, EV 95.0 MPH)
|
|
Batting: RHB Rafael Irizarry
|
0-0: Foul Ball, location: 2F 0-1: Ball 1-1: Ball 2-1: Foul Ball, location: 2F 2-2: Ball 3-2: Base on Balls David Doge to second
|
|
Batting: RHB Manuel Taveras
|
0-0: Called Strike 0-1: Swinging Strike 0-2: Fly out, F8 (Line Drive, 89D, EV 90.0 MPH)
|
| Bottom of the 8th over - 0 runs, 1 hit, 0 errors, 2 left on base; Colorado Springs 2 - New Orleans 0 |
| TOP OF THE 9TH |
|
Colorado Springs Sky Sox batting - Pitching for New Orleans Zephyrs : RHP Chris Forster
|
|
Pitching: RHP Jeremy Akande
|
|
|
Now at 2B: Ramon Martinez
|
|
|
Now at 3B: Boof Howell
|
|
|
Pinch Hitting: SHB Chris Besselman
|
0-0: Ground out 3-1 (Groundball, 34, EV 88.8 MPH)
|
|
Batting: RHB Matviy Oliynyk
|
0-0: Ball 1-0: Swinging Strike 1-1: Fly out, F7 (Line Drive, 7, EV 91.9 MPH)
|
|
Batting: RHB Zakhar Edelman
|
0-0: Ball 1-0: Called Strike 1-1: Swinging Strike 1-2: Ball 2-2: Strikes out swinging
|
| Top of the 9th over - 0 runs, 0 hits, 0 errors, 0 left on base; Colorado Springs 2 - New Orleans 0 |
| BOTTOM OF THE 9TH |
|
New Orleans Zephyrs batting - Pitching for Colorado Springs Sky Sox : RHP Mike Clark
|
|
Pitching: LHP Eric Zielinski
|
|
|
Now at C: Chris Besselman
|
|
|
Batting: RHB Adam McGurn
|
0-0: Ball 1-0: Ball 2-0: Ball 3-0: Called Strike 3-1: Ground out U3 (Groundball, 13, EV 92.5 MPH)
|
|
Pinch Hitting: RHB Rick Fell
|
0-0: Ball 1-0: Called Strike 1-1: Ball 2-1: Ball 3-1: Base on Balls
|
|
Batting: RHB Isaiah Brockman
|
0-0: Called Strike 0-1: Foul Ball, location: 2F 0-2: Strikes out swinging
|
|
Batting: RHB Boof Howell
|
0-0: Foul Ball, location: 2F 0-1: Foul Ball, location: 2F 0-2: Ball 1-2: Strikes out looking
|
| Bottom of the 9th over - 0 runs, 0 hits, 0 errors, 1 left on base; Colorado Springs 2 - New Orleans 0 |
|